[Event "Titled Tuesday Blitz August 16 Early 2022"]
[White "Begunov, Konstantin"]
[Black "Brodowski, Piotr"]
[WhiteFideId "4118510"]
[BlackFideId "1124480"]
[WhiteElo "2262"]
[BlackElo "2312"]
[Result "1-0"]
[Round "08"]
[TimeControl "180+2"]
[Date "2022.08.18"]
[WhiteClock "0:00:00"]
[BlackClock "0:00:00"]

1. d4 c5 2. dxc5 e6 3. Nc3 Bxc5 4. Ne4 Be7 5. Nd6+ Bxd6 6. Qxd6 Nf6 7. c3 Nc6 8. f3 b6 9. e4 Bb7 10. Bf4 Qe7 11. O-O-O e5 12. Bg5 Qxd6 13. Rxd6 Ke7 14. Rd2 Nd8 15. Bc4 Ne6 16. Bxf6+ gxf6 17. Ne2 Rac8 18. Rhd1 Rhd8 19. Bb3 Nc5 20. Ng3 Nxb3+ 21. axb3 Bc6 22. Nf5+ Kf8 23. Rd6 Re8 24. Rxf6 Re6 25. Rd6 Rc7 26. g4 Bb5 27. c4 Bc6 28. Kd2 a5 29. Kc3 b5 30. g5 bxc4 31. bxc4 Bb5 32. b3 a4 33. Kb2 Bc6 34. b4 Ke8 35. b5 Bb7 36. Kc3 a3 37. Kb3 a2 38. Kxa2 Rxc4 39. Ng7+ Ke7 40. Nxe6 dxe6 41. Rb6 Bc8 42. Rh6 Rc3 43. Rxh7 Rxf3 44. g6 Bd7 45. Rxf7+ Rxf7 46. gxf7 Kxf7 47. Rb7 Ke7 48. b6 Kd6 49. Rxd7+ Kxd7 50. h4 Kc6 51. h5 Kxb6 52. h6 Kc5 53. h7 1-0


[Site "https://www.chess.com"]

[Event "Titled Tuesday Blitz August 16 Early 2022"]
[White "Belov, Vladimir"]
[Black "Guz, Ari"]
[WhiteFideId "4132394"]
[BlackFideId "2825759"]
[WhiteElo "2501"]
[BlackElo "1913"]
[Result "1/2-1/2"]
[Round "08"]
[TimeControl "180+1"]
[Date "2022.08.16"]
[WhiteClock "0:00:08"]
[BlackClock "0:00:21"]

1. e4 c5 2. Nf3 e6 3. b3 Nc6 4. Bb2 Nf6 5. Nc3 d6 6. Bb5 Bd7 7. Bxc6 Bxc6 8. Qe2 e5 9. O-O-O a6 10. Nh4 b5 11. f4 b4 12. Nd5 Nxd5 13. exd5 Bxd5 14. Nf5 Be6 15. g4 Bxf5 16. gxf5 f6 17. Qh5+ Kd7 18. Qf3 Kc7 19. Rhg1 a5 20. Kb1 a4 21. c3 axb3 22. axb3 bxc3 23. dxc3 exf4 24. b4 Rb8 25. Qxf4 Qd7 26. Rge1 g5 27. Qf3 Qc6 28. Rd5 Re8 29. Red1 Re5 30. bxc5 Rxd5 31. Rxd5 dxc5 32. c4 Be7 33. Qg3+ Bd6 34. Qd3 Rb8 35. Kc1 Bf4+ 36. Kb1 Be5 37. Rxe5 fxe5 38. f6 Qxf6 39. Qxh7+ Kb6 40. Ka2 Ra8+ 41. Kb3 Ka6 42. Bc3 Rb8+ 43. Kc2 Qf2+ 44. Bd2 Qf6 45. Qd7 Qg6+ 46. Kc3 Rb4 47. Qc8+ Kb6 48. Be3 Qd6 49. Bxc5+ Qxc5 50. Qb8+ Kc6 51. Qxb4 Qd4+ 52. Kc2 e4 53. Qb5+ Kc7 54. Qa5+ Kd7 55. Qb5+ Kc7 56. Qa5+ Kb8 57. Qb5+ Kc8 58. c5 e3 59. Qc6+ Kd8 60. Qd6+ Qxd6 61. cxd6 Kd7 62. Kd3 Kxd6 63. Kxe3 Ke6 64. Kf3 Kf6 65. Kg3 Kg6 66. Kg4 Kh6 67. h4 gxh4 68. Kxh4 1/2-1/2


[Site "https://www.chess.com"]

[Event "Titled Tuesday Blitz August 16 Early 2022"]
[White "Bharath Subramaniyam H"]
[Black "Chen, Justin"]
[WhiteFideId "46634827"]
[BlackFideId "2098199"]
[WhiteElo "2346"]
[BlackElo "2289"]
[Result "1-0"]
[Round "08"]
[TimeControl "180+1"]
[Date "2022.08.16"]
[WhiteClock "0:02:08"]
[BlackClock "0:01:12"]

1. c4 c6 2. d4 d5 3. cxd5 cxd5 4. Nc3 Nf6 5. Nf3 Nc6 6. Bf4 a6 7. Ne5 Bd7 8. e3 e6 9. Rc1 Qb6 10. Bd3 Be7 11. O-O O-O 12. Na4 Qa7 13. Nc5 Rfd8 14. Ncxd7 Nxd7 15. Bxh7+ Kxh7 16. Qh5+ Kg8 17. Qxf7+ Kh7 18. Nxc6 bxc6 19. Qxe7 Nf8 20. Qxa7 Rxa7 21. Rxc6 Kg8 22. Rfc1 Kf7 23. Rc7+ Rd7 24. Rxa7 Rxa7 25. Rc7+ Rxc7 26. Bxc7 Ke7 27. Kf1 Nd7 28. Ke2 Nf6 29. f3 Kd7 30. Be5 Nh7 31. Bxg7 Ke7 32. Be5 Kf7 33. g4 a5 34. h4 a4 35. f4 Ke7 36. g5 Nf8 37. h5 Nd7 38. g6 Kd8 39. g7 Kc8 40. g8=Q+ Kb7 41. Qxe6 Nb6 42. h6 a3 43. bxa3 Ka6 44. h7 Kb7 45. h8=Q Ka7 46. Qb8+ Ka6 47. Qbxb6# 1-0


[Site "https://www.chess.com"]

[Event "Titled Tuesday Blitz August 16 Early 2022"]
[White "Bilych, Olexiy"]
[Black "Rostomyan, Mikayel"]
[WhiteFideId "14156504"]
[BlackFideId "13313754"]
[WhiteElo "2157"]
[BlackElo "1426"]
[Result "0-1"]
[Round "08"]
[TimeControl "180+1"]
[Date "2022.08.16"]
[WhiteClock "0:00:02"]
[BlackClock "0:00:19"]

1. e4 c5 2. Nf3 Nc6 3. Bb5 g6 4. Bxc6 bxc6 5. d4 Bg7 6. dxc5 Qa5+ 7. Nbd2 Ba6 8. c4 Bxc4 9. Qc2 Ba6 10. a3 h5 11. Rb1 Rb8 12. b4 Qb5 13. Nf1 Nf6 14. Ne3 Qd3 15. e5 Ng4 16. Qxd3 Bxd3 17. Rb3 Be4 18. h3 Nxe5 19. Nxe5 Bxe5 20. Bb2 Bxb2 21. Rxb2 a5 22. Ke2 axb4 23. axb4 O-O 24. f3 Bf5 25. g4 hxg4 26. Nxf5 gxf3+ 27. Kxf3 gxf5 28. Rg1+ Kh7 29. Rg5 e6 30. Rbg2 Kh6 31. Kf4 Rxb4+ 32. Ke5 f6+ 33. Kd6 fxg5 34. Kxd7 f4 35. Ke7 Rf5 36. Kxe6 Rxc5 37. Kf6 Rd4 38. Re2 Rd6+ 39. Kf7 Rcd5 40. Re8 g4 41. h4 Rd7+ 42. Kf6 f3 43. Rh8+ Rh7 44. Rg8 f2 45. Rg6+ Kh5 46. Ke6 f1=Q 47. Rh6+ Rxh6+ 48. Ke7 Qf6+ 49. Ke8 Rh8# 0-1


[Site "https://www.chess.com"]

[Event "Titled Tuesday Blitz August 16 Early 2022"]
[White "Bortnyk, Olexandr"]
[Black "Zhigalko, Sergei"]
[WhiteFideId "14120828"]
[BlackFideId "13502956"]
[WhiteElo "2723"]
[BlackElo "2662"]
[Result "1-0"]
[Round "08"]
[TimeControl "180+1"]
[Date "2022.08.16"]
[WhiteClock "0:00:06"]
[BlackClock "0:00:01"]

1. e4 c5 2. Be2 Nc6 3. f4 e6 4. d3 d5 5. Nf3 Bd6 6. c3 Nge7 7. O-O O-O 8. Be3 b6 9. e5 Bc7 10. d4 a5 11. Na3 Ba6 12. Nb5 a4 13. Nxc7 Qxc7 14. dxc5 Nf5 15. Bf2 bxc5 16. Bxa6 Rxa6 17. Bxc5 Rb8 18. Qe2 Qa5 19. Bf2 h5 20. h3 Raa8 21. Rfc1 Qb5 22. c4 dxc4 23. Rxc4 Nce7 24. Rac1 Rd8 25. Ng5 g6 26. g4 hxg4 27. hxg4 Nh6 28. Ne4 Nd5 29. Nd6 Qa6 30. Qf3 Rab8 31. R1c2 Rf8 32. Kg2 Kg7 33. Bc5 Rh8 34. Ne4 Qa8 35. Re2 Rh7 36. Kg3 Rhh8 37. Nf6 Qa6 38. Rd4 Rbd8 39. Red2 Qb7 40. Nxd5 exd5 41. Rxd5 Rxd5 42. Qxd5 Qb5 43. Bf8+ Kh7 44. Qxb5 1-0


[Site "https://www.chess.com"]

[Event "Titled Tuesday Blitz August 16 Early 2022"]
[White "Broca Jimenez, Fernando"]
[Black "Gonzalez Vega, Alejandro"]
[WhiteFideId "5104742"]
[BlackFideId "3510042"]
[WhiteElo "2062"]
[BlackElo "2092"]
[Result "1-0"]
[Round "08"]
[TimeControl "180+2"]
[Date "2022.08.18"]
[WhiteClock "0:00:00"]
[BlackClock "0:00:00"]

1. e4 c5 2. d4 cxd4 3. c3 dxc3 4. Nxc3 Nc6 5. Bc4 e6 6. Nf3 Qc7 7. Qe2 Nf6 8. O-O Ng4 9. g3 a6 10. Bf4 d6 11. h3 Nge5 12. Bb3 Be7 13. Rac1 O-O 14. Kg2 Bd7 15. Nd5 exd5 16. exd5 Bf6 17. dxc6 Bxc6 18. Bd5 Rfe8 19. Bxc6 Nxc6 20. Qd3 Qb6 21. b3 Ne5 22. Nxe5 dxe5 23. Be3 Qb5 24. Qxb5 axb5 25. Rc2 h6 26. Rd1 Re7 27. Rd5 b4 28. Rb5 g5 29. Rxb4 Kg7 30. a4 Ra6 31. Rb6 Rxb6 32. Bxb6 Re6 33. a5 e4 34. Rc7 e3 35. Bxe3 Re7 36. Bb6 Rxc7 37. Bxc7 Bd4 38. f4 f6 39. fxg5 hxg5 40. Kf3 f5 41. h4 gxh4 42. gxh4 Kg6 43. Kf4 Bf2 44. Bd8 Be1 45. h5+ Kxh5 46. Kxf5 Bb4 47. Ke6 Kg6 48. Kd7 Kf7 49. Kc8 Ke6 50. Kxb7 Kd7 51. Bb6 Bc3 52. a6 1-0


[Site "https://www.chess.com"]

[Event "Titled Tuesday Blitz August 16 Early 2022"]
[White "Chigaev, Maksim"]
[Black "Zemlyanskii, Ivan"]
[WhiteFideId "4108116"]
[BlackFideId "24249971"]
[WhiteElo "2487"]
[BlackElo "1879"]
[Result "0-1"]
[Round "08"]
[TimeControl "180+1"]
[Date "2022.08.16"]
[WhiteClock "0:00:04"]
[BlackClock "0:00:17"]

1. e4 c5 2. Nf3 e6 3. g3 Nc6 4. Bg2 Nf6 5. Qe2 d5 6. exd5 Nxd5 7. O-O Be7 8. Rd1 Qb6 9. Na3 O-O 10. c3 Bd7 11. Nc2 Rac8 12. d4 cxd4 13. Ncxd4 Rfd8 14. Bg5 Nxd4 15. Rxd4 f6 16. Rxd5 exd5 17. Qxe7 Qxb2 18. Rf1 Bb5 19. Qe6+ Kh8 20. Bxf6 Bxf1 21. Bxg7+ Kxg7 22. Qe7+ Kg8 23. Bxf1 Qxc3 24. Ne5 Rf8 25. Qe6+ Kh8 26. Nf7+ Kg7 27. Ng5 Qc5 28. Qd7+ Kg6 29. h4 Qxf2+ 0-1


[Site "https://www.chess.com"]

[Event "Titled Tuesday Blitz August 16 Early 2022"]
[White "Ciuffoletti, Paolo"]
[Black "Rosenberg, Evan S"]
[WhiteFideId "807630"]
[BlackFideId "2019299"]
[WhiteElo "2143"]
[BlackElo "1999"]
[Result "0-1"]
[Round "08"]
[TimeControl "180+2"]
[Date "2022.08.18"]
[WhiteClock "0:00:00"]
[BlackClock "0:00:00"]

1. e4 e6 2. d4 d5 3. e5 c5 4. c3 Nc6 5. Nf3 Qb6 6. a3 c4 7. Nbd2 Na5 8. Rb1 Bd7 9. Be2 Ne7 10. O-O Nc8 11. Re1 Qc7 12. Nf1 Nb3 13. Bf4 h6 14. N3d2 Ba4 15. Nxb3 Bxb3 16. Qd2 Be7 17. Qe3 Nb6 18. Nd2 Bc2 19. Rbc1 Bg6 20. Bd1 O-O 21. Qg3 Kh7 22. h4 Qd8 23. h5 Bd3 24. Bc2 Bxc2 25. Rxc2 Bg5 26. Nf3 Bxf4 27. Qxf4 Qe7 28. g4 f6 29. Qg3 f5 30. g5 f4 31. Qg4 Rf5 32. g6+ Kh8 33. Nh4 Rg5 0-1


[Site "https://www.chess.com"]

[Event "Titled Tuesday Blitz August 16 Early 2022"]
[White "Clawitter, Craig"]
[Black "Rios Escobar, Adan"]
[WhiteFideId "2023105"]
[BlackFideId "3403645"]
[WhiteElo "2050"]
[BlackElo "2276"]
[Result "1-0"]
[Round "08"]
[TimeControl "180+2"]
[Date "2022.08.18"]
[WhiteClock "0:00:00"]
[BlackClock "0:00:00"]

1. e4 c5 2. Nf3 d6 3. d4 cxd4 4. Nxd4 Nf6 5. Nc3 a6 6. Be3 e5 7. Nb3 Be7 8. f3 Be6 9. Qd2 h5 10. Be2 a5 11. Nd5 Bxd5 12. exd5 a4 13. Nc1 Nbd7 14. c4 Qa5 15. Qxa5 Rxa5 16. Nd3 O-O 17. Kd2 Rc8 18. Rhc1 b6 19. Rab1 Nc5 20. Nb4 Raa8 21. Nc6 Bd8 22. b4 axb3 23. axb3 Ra3 24. Rc3 Nfe4+ 25. fxe4 Nxe4+ 26. Kd3 Nxc3 27. Kxc3 f5 28. Nxd8 Rxd8 29. Bxb6 Rc8 30. Bxh5 Ra2 31. Rb2 Ra1 32. Rf2 Rf8 33. b4 g5 34. c5 Rf6 35. Bd8 Rh6 36. Be2 dxc5 37. bxc5 Rc1+ 38. Kb4 Rh4+ 39. Kb5 1-0


[Site "https://www.chess.com"]

[Event "Titled Tuesday Blitz August 16 Early 2022"]
[White "Cramling Bellon, Anna"]
[Black "Pham, Khoi"]
[WhiteFideId "32009232"]
[BlackFideId "1054988"]
[WhiteElo "1905"]
[BlackElo "2376"]
[Result "1-0"]
[Round "08"]
[TimeControl "180+2"]
[Date "2022.08.18"]
[WhiteClock "0:00:00"]
[BlackClock "0:00:00"]

1. d4 f5 2. e4 fxe4 3. Nc3 Nf6 4. Bg5 g6 5. h4 Bg7 6. h5 Nxh5 7. Rxh5 gxh5 8. Qxh5+ Kf8 9. Bh6 d5 10. Nxd5 Be6 11. Bxg7+ Kxg7 12. Qe5+ Kf7 13. Nxc7 Qd6 14. Qxh8 Qxc7 15. Qxh7+ Ke8 16. Bb5+ Nc6 17. Qh8+ Kd7 18. Bxc6+ Qxc6 19. Qxa8 Qxc2 20. Qxb7+ Ke8 21. Qb8+ Kf7 22. Qf4+ Ke8 23. Qd2 Qc4 24. Ne2 Bd7 25. Rc1 Qxa2 26. Nc3 Qe6 27. d5 Qg4 28. Kf1 Qh4 29. Kg1 Bf5 30. Qe3 Qg4 31. Qxa7 e3 32. Qxe3 Qc4 33. Re1 Qb4 34. Qe5 Bg6 35. d6 Kf8 36. Qxe7+ Kg8 37. Nd5 Bf7 38. Nxb4 1-0


[Site "https://www.chess.com"]

[Event "Titled Tuesday Blitz August 16 Early 2022"]
[White "D`Arruda, Ricardo D."]
[Black "Khabinets, Ivan"]
[WhiteFideId "100692"]
[BlackFideId "14115980"]
[WhiteElo "2271"]
[BlackElo "1980"]
[Result "1-0"]
[Round "08"]
[TimeControl "180+2"]
[Date "2022.08.18"]
[WhiteClock "0:00:00"]
[BlackClock "0:00:00"]

1. d4 Nf6 2. Nf3 e6 3. g3 d5 4. Bg2 c5 5. O-O cxd4 6. Nxd4 Nc6 7. c4 Bc5 8. Nb3 Be7 9. cxd5 exd5 10. Nc3 Be6 11. Bg5 d4 12. Bxf6 Bxf6 13. Ne4 Be7 14. Nec5 Bxb3 15. Nxb3 O-O 16. Bxc6 bxc6 17. Qxd4 Qxd4 18. Nxd4 Bf6 19. Nxc6 Rfe8 20. e3 Bxb2 21. Rab1 Bf6 22. Rfc1 Rac8 23. Kf1 Kf8 24. Ke2 Re6 25. Nd4 Ree8 26. Kd3 Rxc1 27. Rxc1 Rb8 28. Nb3 Rb4 29. Rc4 Rb6 30. Rc8+ Ke7 31. Rc7+ Ke6 32. Rxa7 Rd6+ 33. Nd4+ Kd5 34. Ra5# 1-0


[Site "https://www.chess.com"]

[Event "Titled Tuesday Blitz August 16 Early 2022"]
[White "De La Colina, Nicolas"]
[Black "Bintang, Rasyid A. Hidayat"]
[WhiteFideId "30946921"]
[BlackFideId "7105355"]
[WhiteElo "2046"]
[BlackElo "1820"]
[Result "0-1"]
[Round "08"]
[TimeControl "180+2"]
[Date "2022.08.18"]
[WhiteClock "0:00:00"]
[BlackClock "0:00:00"]

1. e4 c5 2. Nf3 g6 3. c3 d5 4. exd5 Qxd5 5. d4 Nc6 6. Na3 Bg4 7. dxc5 Qxd1+ 8. Kxd1 O-O-O+ 9. Ke1 Bxf3 10. gxf3 Ne5 11. Be2 Bg7 12. Be3 e6 13. Nb5 Kb8 14. f4 Nc6 15. Nd6 Nh6 16. Bf3 Bf8 17. Rd1 Bxd6 18. cxd6 Nf5 19. Bc5 b6 20. Ba3 Na5 21. b3 Nb7 22. d7 Kc7 23. Be4 Nfd6 24. Bc2 Rxd7 25. Ke2 Rhd8 26. c4 Nf5 27. Bb2 Rxd1 28. Rxd1 Rxd1 29. Kxd1 Nd8 30. Be5+ Kd7 31. Ke2 Nc6 32. Be4 Nd6 33. Bxc6+ Kxc6 34. Bxd6 Kxd6 35. Kd3 e5 36. fxe5+ Kxe5 37. Ke3 g5 38. a3 f5 39. b4 g4 40. Kd3 h5 41. a4 h4 42. a5 bxa5 43. bxa5 f4 44. Kc3 g3 45. fxg3 fxg3 46. hxg3 0-1


[Site "https://www.chess.com"]

[Event "Titled Tuesday Blitz August 16 Early 2022"]
[White "Djokic, Mihailo"]
[Black "Terry, Renato"]
[WhiteFideId "976440"]
[BlackFideId "3803457"]
[WhiteElo "2246"]
[BlackElo "2577"]
[Result "0-1"]
[Round "08"]
[TimeControl "180+1"]
[Date "2022.08.16"]
[WhiteClock "0:00:02"]
[BlackClock "0:00:31"]

1. e4 e6 2. d4 d5 3. Nc3 Nf6 4. Bg5 Bb4 5. e5 h6 6. Bh4 g5 7. Bg3 Ne4 8. Ne2 h5 9. f3 Nxg3 10. hxg3 Bf8 11. g4 h4 12. Ng3 c5 13. Nh5 Nd7 14. Bb5 Be7 15. f4 gxf4 16. dxc5 Qc7 17. Qd4 a6 18. Ba4 Bxc5 19. Bxd7+ Bxd7 20. Nf6+ Kd8 21. Qxf4 Qb6 22. O-O-O Be3+ 23. Qxe3 Qxe3+ 24. Kb1 Qxe5 25. Nh5 Rxh5 26. gxh5 Qxh5 27. Rd4 Qg5 28. a3 Kc7 29. Rhxh4 Qxg2 30. Rhg4 Qf1+ 31. Rd1 Qf3 32. Rgg1 Rh8 33. Rdf1 Qh5 34. Ka2 d4 35. Nb1 Qd5+ 36. b3 Rh2 37. Rc1 d3 38. Ka1 dxc2 39. Nc3 Qxb3 40. Rg3 Qxa3+ 0-1


[Site "https://www.chess.com"]

[Event "Titled Tuesday Blitz August 16 Early 2022"]
[White "Drygalov, Sergey"]
[Black "Shuvalova, Polina"]
[WhiteFideId "24171743"]
[BlackFideId "24171760"]
[WhiteElo "2523"]
[BlackElo "2330"]
[Result "0-1"]
[Round "08"]
[TimeControl "180+1"]
[Date "2022.08.16"]
[WhiteClock "0:00:04"]
[BlackClock "0:00:53"]

1. d4 Nf6 2. c4 e6 3. Nc3 d5 4. cxd5 Nxd5 5. e4 Nxc3 6. bxc3 c5 7. Rb1 Be7 8. Nf3 O-O 9. Bd3 cxd4 10. cxd4 Nc6 11. Bb2 Qa5+ 12. Nd2 Rd8 13. O-O Qxa2 14. Bc4 Qa5 15. d5 exd5 16. exd5 Bf5 17. Ra1 Qb6 18. Bc3 Nb4 19. Qf3 Bg6 20. Rfe1 Bf6 21. Rac1 Bxc3 22. Rxc3 Rac8 23. h4 Qf6 24. Qg3 b5 25. Rb3 Nc2 26. Rc1 bxc4 27. Rb7 Nd4 28. Re1 c3 29. Ne4 Bxe4 30. Rxe4 c2 0-1


[Site "https://www.chess.com"]

[Event "Titled Tuesday Blitz August 16 Early 2022"]
[White "Dubov, Daniil"]
[Black "Fawzy, Adham"]
[WhiteFideId "24126055"]
[BlackFideId "10613129"]
[WhiteElo "2791"]
[BlackElo "2541"]
[Result "0-1"]
[Round "08"]
[TimeControl "180+1"]
[Date "2022.08.16"]
[WhiteClock "0:00:34"]
[BlackClock "0:01:21"]

1. e4 c5 2. Nf3 Nc6 3. Bb5 g6 4. O-O Bg7 5. c3 e5 6. d4 exd4 7. cxd4 cxd4 8. Bf4 a6 9. Bc4 d6 10. Nbd2 Nf6 11. Re1 O-O 12. Rc1 h6 13. h3 Be6 14. Qb3 d5 15. exd5 Nxd5 16. Bxd5 Bxd5 17. Qxb7 Ne5 18. Qc7 Nd3 19. Qxd8 Rfxd8 20. Be5 Nxe1 21. Rxe1 Bxf3 22. Bxg7 Kxg7 23. Nxf3 Rac8 24. Rd1 d3 25. b3 d2 26. Kf1 Rc2 27. a4 Rb2 28. Ke2 Rxb3 0-1


[Site "https://www.chess.com"]

[Event "Titled Tuesday Blitz August 16 Early 2022"]
[White "Estrada Nieto, Julian"]
[Black "Sailer, Mike"]
[WhiteFideId "5101018"]
[BlackFideId "2012901"]
[WhiteElo "2252"]
[BlackElo "2109"]
[Result "1/2-1/2"]
[Round "08"]
[TimeControl "180+2"]
[Date "2022.08.18"]
[WhiteClock "0:00:00"]
[BlackClock "0:00:00"]

1. e4 d5 2. exd5 Qxd5 3. Nc3 Qd6 4. d4 Nf6 5. Nf3 c6 6. Ne5 Nbd7 7. Bf4 Nxe5 8. Bxe5 Qb4 9. a3 Qa5 10. Bd3 Bg4 11. Qd2 e6 12. Qg5 h6 13. Qf4 Bh5 14. Bc7 Nd5 15. Qe5 Qxc7 16. Qxh5 Nxc3 17. bxc3 Qf4 18. g3 Qg5 19. Qf3 Bd6 20. O-O O-O 21. Rab1 Rab8 22. Rfe1 Bxa3 23. Re5 Qe7 24. Qe4 g6 25. Qe3 Kg7 26. Ra5 a6 27. c4 Bd6 28. c5 Bc7 29. Ra4 Qg5 30. f4 Qg4 31. Rab4 h5 32. Rxb7 h4 33. Be2 Qf5 34. Bd3 Qg4 35. Be2 Qf5 36. Bd3 Qg4 1/2-1/2


[Site "https://www.chess.com"]

[Event "Titled Tuesday Blitz August 16 Early 2022"]
[White "Ezat, Mohamed"]
[Black "Molina, Roberto Junio Brito"]
[WhiteFideId "10600906"]
[BlackFideId "2109450"]
[WhiteElo "2386"]
[BlackElo "2403"]
[Result "1-0"]
[Round "08"]
[TimeControl "180+1"]
[Date "2022.08.16"]
[WhiteClock "0:01:19"]
[BlackClock "0:01:50"]

1. d4 c6 2. c4 d5 3. Nc3 Nf6 4. Nf3 dxc4 5. e4 b5 6. Be2 e6 7. O-O Be7 8. a4 b4 9. e5 Nd5 10. Ne4 Ba6 11. Bg5 O-O 12. Bxe7 Qxe7 13. Nc5 Rd8 14. Nxa6 Nxa6 15. Bxc4 Qb7 16. Qe2 Nac7 17. Ng5 c5 18. Qh5 Ne8 19. Qxh7+ Kf8 20. Rad1 Nf4 21. Ne4 cxd4 22. Qh8+ Ke7 23. Qh4+ Kf8 24. Qxf4 Rac8 25. Bb5 Rc2 26. Bxe8 Rxe8 27. Nd6 1-0


[Site "https://www.chess.com"]

[Event "Titled Tuesday Blitz August 16 Early 2022"]
[White "Fernandez Hernandez, Gerardo"]
[Black "Tapia Ostolaza, Alexei"]
[WhiteFideId "2207400"]
[BlackFideId "6600581"]
[WhiteElo "2169"]
[BlackElo "2104"]
[Result "1-0"]
[Round "08"]
[TimeControl "180+2"]
[Date "2022.08.18"]
[WhiteClock "0:00:00"]
[BlackClock "0:00:00"]

1. e4 c5 2. d3 Nc6 3. g3 g6 4. Bg2 Bg7 5. f4 e6 6. Nf3 Nge7 7. O-O d5 8. c3 d4 9. c4 e5 10. f5 f6 11. fxg6 hxg6 12. Nh4 Be6 13. Na3 a6 14. Nc2 Qd7 15. a3 a5 16. Bd2 a4 17. Rb1 g5 18. Nf3 Bh3 19. b4 Bxg2 20. Kxg2 Qh3+ 21. Kg1 Ng6 22. Qe2 cxb4 23. Nxb4 O-O 24. Nd5 Rf7 25. Rfc1 Nf8 26. Bxg5 fxg5 27. Nxg5 Qd7 28. Nxf7 Qxf7 29. Rf1 Qd7 30. Nb6 Qd8 31. Qg4 Ra6 32. Nd5 Na5 33. Rb5 Nb3 34. Rxb7 Rg6 35. Rxf8+ Qxf8 36. Qxg6 Nc1 37. Ne7+ Kh8 38. Qh5+ 1-0


[Site "https://www.chess.com"]

[Event "Titled Tuesday Blitz August 16 Early 2022"]
[White "Fiorito, Joaquin"]
[Black "Shukhman, Anna"]
[WhiteFideId "180173"]
[BlackFideId "54180058"]
[WhiteElo "2271"]
[BlackElo "2144"]
[Result "0-1"]
[Round "08"]
[TimeControl "180+2"]
[Date "2022.08.18"]
[WhiteClock "0:00:00"]
[BlackClock "0:00:00"]

1. e4 c5 2. Nf3 e6 3. d4 cxd4 4. Nxd4 a6 5. c4 Nf6 6. Nc3 Bb4 7. Qd3 Nc6 8. Nxc6 dxc6 9. Qxd8+ Kxd8 10. e5 Nd7 11. Bf4 f6 12. O-O-O Ke7 13. exf6+ gxf6 14. Bd3 Bxc3 15. bxc3 Nc5 16. Bxh7 e5 17. Be3 Na4 18. Bc2 b5 19. Bc5+ Nxc5 20. cxb5 axb5 21. Kb2 Be6 22. a3 Na4+ 23. Bxa4 Rxa4 24. Rhe1 Rha8 25. Ra1 c5 26. g3 b4 27. cxb4 cxb4 28. axb4 Rxb4+ 29. Kc3 Rb3+ 30. Kd2 Rd8+ 31. Kc2 Rc8+ 32. Kd2 Rb2+ 33. Kd3 Bf5+ 34. Ke3 Rc3# 0-1


[Site "https://www.chess.com"]

[Event "Titled Tuesday Blitz August 16 Early 2022"]
[White "Floresvillar Gonzalez, Luis Migu"]
[Black "Buscar, Michael"]
[WhiteFideId "5100542"]
[BlackFideId "2603616"]
[WhiteElo "2040"]
[BlackElo "2010"]
[Result "1/2-1/2"]
[Round "08"]
[TimeControl "180+2"]
[Date "2022.08.18"]
[WhiteClock "0:00:00"]
[BlackClock "0:00:00"]

1. d4 Nf6 2. c3 e5 3. dxe5 Ng4 4. Bf4 Nc6 5. Nf3 Bc5 6. e3 O-O 7. h3 Nh6 8. Bxh6 gxh6 9. Bd3 Qe7 10. Nbd2 Nxe5 11. Nxe5 Qxe5 12. Qg4+ Qg7 13. Qxg7+ Kxg7 14. O-O-O d5 15. Nf3 c6 16. Nh4 Be6 17. Nf5+ Bxf5 18. Bxf5 h5 19. Bd3 Rae8 20. Be2 h4 21. Bf3 f5 22. Rhe1 f4 23. exf4 Rxe1 24. Rxe1 Bxf2 25. Re7+ Rf7 26. Rxf7+ Kxf7 27. f5 Kf6 28. Bg4 h5 29. Bxh5 Kxf5 30. Kc2 Ke5 31. Kd3 Bg3 32. b3 c5 33. a4 Be1 34. Bf3 b6 35. Bg4 Kf4 36. Bf3 Ke5 37. Bg4 a6 38. Bc8 a5 39. Bg4 Kd6 40. Bf3 Ke5 1/2-1/2


[Site "https://www.chess.com"]

[Event "Titled Tuesday Blitz August 16 Early 2022"]
[White "Gabdrakhmanov, Azat"]
[Black "Leschinsky, Gary"]
[WhiteFideId "34189197"]
[BlackFideId "30951321"]
[WhiteElo "2293"]
[BlackElo "1809"]
[Result "1/2-1/2"]
[Round "08"]
[TimeControl "180+1"]
[Date "2022.08.16"]
[WhiteClock "0:00:07"]
[BlackClock "0:00:03"]

1. e4 c5 2. Nf3 e6 3. d4 cxd4 4. Nxd4 Nc6 5. Nc3 Qc7 6. Be3 Nf6 7. f3 a6 8. Qd2 Be7 9. g4 O-O 10. h4 b5 11. h5 b4 12. Nce2 d5 13. g5 Nd7 14. exd5 exd5 15. g6 Nde5 16. b3 Bc5 17. O-O-O Re8 18. gxh7+ Kh8 19. Bf4 Nxd4 20. Nxd4 Bd7 21. Kb1 a5 22. Rg1 a4 23. Bh6 Bf8 24. Qg5 Ng6 25. hxg6 Re5 26. Qf4 gxh6 27. g7+ Bxg7 28. Qxf7 Rg5 29. Rxg5 hxg5 30. Ne6 Qe5 31. Nxg7 Qxg7 32. Qxg7+ Kxg7 33. Rxd5 Be6 34. Rxg5+ Kxh7 35. bxa4 Rxa4 36. Bd3+ Kh8 37. Rb5 Bxa2+ 38. Kb2 Be6 39. Rb7 Bd5 40. Rb8+ Kg7 41. f4 b3 42. Rd8 Bf7 43. cxb3 Rxf4 44. Rd7 Kf6 45. Kc3 Rf3 46. Kc2 Be6 47. Rd4 Ke5 48. Re4+ Kd6 49. Re2 Bxb3+ 50. Kc3 Bd5 51. Kd4 Rf4+ 52. Ke3 Rb4 53. Rc2 Rb3 54. Kd4 Rb4+ 55. Kc3 Rb6 56. Kd2 Rc6 57. Rb2 Kc5 58. Rc2+ Kd6 59. Rb2 Kc5 60. Rb8 Kd6 61. Rh8 Rc7 62. Rh5 Re7 63. Kc3 Re5 64. Rh6+ Re6 65. Rh7 Ke5 66. Rh5+ Kd6 67. Kd4 Bc6 68. Bc4 Rf6 69. Rg5 Rf4+ 70. Kc3 Bd7 71. Bd3 Rh4 72. Rg6+ Kc5 73. Rg7 Be6 74. Rg5+ Kd6 75. Rg6 Rh3 76. Kd4 Ke7 77. Be4 Rh4 78. Ke5 Bf7 79. Rg5 Rh5 80. Kf4 Rxg5 81. Kxg5 1/2-1/2


[Site "https://www.chess.com"]

[Event "Titled Tuesday Blitz August 16 Early 2022"]
[White "Garrido, Denis"]
[Black "Simonovic, Miroslav"]
[WhiteFideId "601217"]
[BlackFideId "919152"]
[WhiteElo "2205"]
[BlackElo "2043"]
[Result "1-0"]
[Round "08"]
[TimeControl "180+2"]
[Date "2022.08.18"]
[WhiteClock "0:00:00"]
[BlackClock "0:00:00"]

1. d4 Nf6 2. c4 c5 3. d5 b5 4. g4 Nxg4 5. cxb5 a6 6. e4 d6 7. Nc3 g6 8. bxa6 Ne5 9. f4 Ned7 10. Nf3 Bg7 11. h4 h5 12. f5 gxf5 13. Rg1 Bf6 14. exf5 Bxa6 15. Ng5 Bxf1 16. Kxf1 Ne5 17. Bf4 Nbd7 18. Qe2 Qa5 19. Rg3 Qb4 20. Qf2 Ng4 21. Qd2 Nde5 22. Re1 Qd4 23. Qxd4 cxd4 24. Nb5 Rxa2 25. Nxd4 Rxb2 26. Re2 Rxe2 27. Kxe2 Kd7 28. Ra3 Rc8 29. Ra7+ Rc7 30. Ra8 Bxg5 31. hxg5 h4 32. Rh8 Rc4 33. Bxe5 dxe5 34. Nc6 Nh2 35. Kd3 Rg4 36. Nxe5+ Kd6 37. Nxg4 Nxg4 38. Rxh4 Ne5+ 39. Ke4 1-0


[Site "https://www.chess.com"]

[Event "Titled Tuesday Blitz August 16 Early 2022"]
[White "Goltseva, Ekaterina"]
[Black "Kosteniuk, Alexandra"]
[WhiteFideId "24173770"]
[BlackFideId "4128125"]
[WhiteElo "2086"]
[BlackElo "2469"]
[Result "0-1"]
[Round "08"]
[TimeControl "180+2"]
[Date "2022.08.18"]
[WhiteClock "0:00:00"]
[BlackClock "0:00:00"]

1. d4 f5 2. c4 Nf6 3. Nc3 g6 4. Nf3 Bg7 5. e3 d6 6. Be2 Nc6 7. Rb1 e5 8. b4 e4 9. Nd2 a5 10. b5 Ne7 11. O-O O-O 12. f3 exf3 13. Bxf3 d5 14. cxd5 Nexd5 15. Nxd5 Nxd5 16. Qb3 c6 17. Nc4 Be6 18. Qd3 Nb4 19. Qe2 cxb5 20. Ne5 Bxe5 21. dxe5 Bc4 22. Qf2 Bxf1 23. Qxf1 Rc8 24. Bb2 Rc2 25. Bd4 Nc6 26. Qxb5 Nxd4 27. Qd5+ Kh8 28. exd4 Qc7 29. Rxb7 Rc1+ 30. Kf2 Qc2+ 31. Kg3 f4+ 32. Kh3 Qf5+ 33. Bg4 Rc3+ 34. g3 Qg5 35. Qd7 Qh6+ 36. Kg2 f3+ 37. Kf2 Rc2+ 38. Kf1 Qc1# 0-1


[Site "https://www.chess.com"]